 Dungeon Crawl Stone Soup version 0.30-a0-870-gc5d4c5acee (webtiles) character file.

Game seed: 7654826325394388538

10 AtlasWard the Shooter (level 2, 25/25 HPs)
             Began as a Minotaur Hunter on Mar 11, 2023.
             Quit the game on level 1 of the Dungeon.
             The game lasted 00:00:52 (257 turns).

AtlasWard the Shooter (Minotaur Hunter)              Turns: 257, Time: 00:00:53

Health: 25/25      AC:  3    Str: 15    XL:     2   Next: 10%
Magic:  1/1        EV: 12    Int:  6    God:
Gold:   11         SH:  0    Dex: 13    Spells: 1/1 levels left

rFire   . . .      SeeInvis .    a - +0 shortbow
rCold   . . .      Faith    .    (shield currently unavailable)
rNeg    . . .      Spirit   .    c - +0 leather armour
rPois   .          Reflect  .    (helmet restricted)
rElec   .          Rampage  .    (no cloak)
rCorr   .                        (no gloves)
Will    .....                    (no boots)
Stlth   +                        (no amulet)
HPRegen 0.24/turn                (no ring)
MPRegen 0.07/turn                (no ring)

@: no status effects
A: horns 2, retaliatory headbutt
a: no special abilities


You were on level 1 of the Dungeon.
You visited 1 branch of the dungeon, and saw 1 of its levels.

You collected 11 gold pieces.

Inventory:

Hand Weapons
 a - a +0 shortbow (weapon)
Missiles
 d - 4 atropa-tipped darts
Armour
 c - a +0 leather armour (worn)
Scrolls
 b - a scroll of immolation


   Skills:
 + Level 2.6 Fighting
 * Level 4.6 Ranged Weapons
 + Level 2.4 Dodging
 + Level 1.0 Stealth


You had one spell level left.
You didn't know any spells.
Your spell library was empty.

Dungeon Overview and Level Annotations

Branches:
Dungeon (1/15)

Altars:


Innate Abilities, Weirdness & Mutations

You have a pair of horns on your head.
You reflexively headbutt those who attack you in melee.


Message History

You kill the frilled lizard!
Your Stealth skill increases to level 1!
There is a stone staircase leading down here.
Found a hand axe.
No target in view!
No target in view!
No target in view!
No target in view!
A frilled lizard comes into view.
The frilled lizard hisses angrily.
You shoot an arrow. The arrow hits the frilled lizard.
You kill the frilled lizard!
A kobold comes into view. It is wielding a +0 short sword.
A kobold is nearby!
You shoot an arrow. The arrow barely misses the kobold.
The kobold shouts!
A kobold is nearby!
You shoot an arrow. The arrow hits the kobold.
The kobold is moderately wounded.
The kobold throws a stone.
The stone barely misses you.
A kobold is nearby!
You shoot an arrow. The arrow hits the kobold.
You kill the kobold!
No target in view!
An endoplasm and a goblin come into view.
Found a lumpy pink potion.
The endoplasm quivers.
You shoot an arrow. The arrow hits the endoplasm.
The endoplasm is almost dead.
The goblin shouts!
You hear a bark!
There are monsters nearby!
You shoot an arrow. The arrow hits the endoplasm.
You kill the endoplasm!
You have reached level 2!
You shoot an arrow. The arrow hits the goblin.
You kill the goblin!
No target in view!
No target in view!
Unknown command.
Are you sure you want to abandon this character and quit the game? (Confirm with "yes".)

#### .... ...# .#.#
..##### )..
........ ..#
#######. ##.. #
#.###..# #####
#..)...# ......
..#..##@######
######
#............#
....#......#.######
....).#.##.#.##...#
...............>.†#
####.##.####..#...#
... #. #.# ##.#...#
.# #! #.# #.#####
.# ..# #.#


There were no monsters in sight!

Vanquished Creatures
  An endoplasm (D:1)
  A goblin (D:1)
  A hobgoblin (D:1)
  2 jackals (D:1)
  A kobold (D:1)
  3 frilled lizards (D:1)
9 creatures vanquished.

Notes
Turn   | Place    | Note
-------+----------+-------------------------------------------
     0 | D:1      | AtlasWard the Minotaur Hunter began the quest for the Orb.
     0 | D:1      | Reached XP level 1. HP: 18/18 MP: 0/0
   236 | D:1      | Reached skill level 1 in Stealth
   256 | D:1      | Reached XP level 2. HP: 25/25 MP: 1/1
   257 | D:1      | Quit the game

Illustrated notes

Levels and vault maps discovered:
D:1:      lightli_arrival_windingriver, layout_rooms, serial_shops,
          nicolae_diamond_shop, serial_corexii_hall, corexii_hall_statues_u,
          corexii_hall_statues_i, chequers_hall_statues_wall_a,
          corexii_hall_statues_l

Skill      XL: |  1 |
---------------+----+-----
Stealth        | 1 |  1.0
Fighting       | |  2.6
Ranged Weapons | |  4.6
Dodging        | |  2.4

Action                     || total
---------------------------++-------
   Fire: Shortbow          ||    14
 Armour: Leather armour    ||     1
  Dodge: Dodged            ||     3

Table legend: (Time is in decaauts)
 A = Elapsed time spent in this place.
 B = Non-inter-level travel time spent in this place.
 C = Inter-level travel time spent in this place.
 D = Time resting spent in this place.
 E = Time spent auto-exploring this place.
 F = Levels seen in this place.
 G = Mean time per level.
                   A        B        C        D        E       F      G
               +--------+--------+--------+--------+--------+-----+--------+
         Total |    263 |    263 |      0 |      0 |    225 |   1 |  263.0 |
       Dungeon |    263 |    263 |      0 |      0 |    225 |   1 |  263.0 |
               +--------+--------+--------+--------+--------+-----+--------+

Top non-repeatable levels by time:
     D:1: 263 daAuts
